 Dungeon Crawl Stone Soup version 0.32-a0-932-g546787307d (webtiles) character file.

Game seed: 14670816824933745031

93188 grizmgrazm2 the Blocker (level 15, -6/156 HPs)
             Began as a Troll Fighter on Apr 14, 2024.
             Was the Champion of Wu Jian.
             Mangled by a tarantella (7 damage)
             ... on level 1 of the Spider Nest.
             The game lasted 01:03:28 (24902 turns).

grizmgrazm2 the Blocker (Troll Fighter)            Turns: 24902, Time: 01:03:29

Health: -6/156     AC: 15    Str: 27    XL:     15   Next: 60%
Magic:  14/14      EV:  9    Int: 10    God:    Wu Jian [******]
Gold:   867        SH: 13    Dex: 18    Spells: 14/14 levels left

rFire   + .          .
                       - Unarmed
rCold   . . .        b - +0 kite shield
rNeg    . . .        O - +1 shadow dragon scales
rPois   +            (helmet restricted)
rElec   .            l - +0 cloak {Will+}
rCorr   .            (gloves unavailable)
SInv    .            (boots unavailable)
Will    ++...        E - amulet of Vitality {Regen++ RegenMP++}
Stlth   +++          w - +6 ring of dexterity
HPRegen 2.86/turn    P - ring of poison resistance
MPRegen 0.94/turn

%: no passive effects
@: lethally poisoned (-6 -> -6), spiked, studying Summonings
A: large, unfitting armour, claws 3, regeneration 1, shaggy fur 1, tough skin 1,
clever 1, fire resistance 1
a: Renounce Religion, Wall Jump, Serpent's Lash, Heavenly Storm


You were on level 1 of the Spider Nest.
You worshipped Wu Jian.
Wu Jian was exalted by your worship.
You visited 5 branches of the dungeon, and saw 24 of its levels.
You visited the Abyss 1 time.
You also visited: Gauntlet.

You collected 2267 gold pieces.
You spent 1400 gold pieces at shops.

Inventory:

Hand Weapons
 T - the +10 dagger "Ofe Qeam" {holy, Int+5}
   (You took it off a minotaur in a Gauntlet)

   Int+5:     It affects your intelligence (+5).
Missiles
 W - 2 throwing nets (quivered)
Armour
 b - a +0 kite shield (worn)
 i - +1 acid dragon scales
 l - a +0 cloak of willpower (worn)
 O - +1 shadow dragon scales (worn)
Jewellery
 e - a ring of ice
 g - a ring of positive energy
 h - a ring of see invisible
 j - the ring "Nidarche" {rF+ Int+4}
   (You found it on level 5 of the Lair of Beasts)

   [ring of protection from fire]

   Int+4:     It affects your intelligence (+4).
   rF+:       It protects you from fire.
 k - a +6 ring of dexterity
 s - the ring of Wuelyoh {Fly rF+ Int+2}
   (You found it on level 4 of the Dungeon)

   [ring of protection from fire]

   Int+2:     It affects your intelligence (+2).
   rF+:       It protects you from fire.
   Fly:       It grants you flight.
 t - a +4 ring of protection
 u - a ring of ice
 w - a +6 ring of dexterity (left claw)
 x - a +6 ring of dexterity
 C - a +6 ring of dexterity
 E - the amulet of Vitality (around neck) {Regen++ RegenMP++}
   (You bought it in a shop on level 2 of the Orcish Mines)

   [amulet of nothing]

   Regen++:   It increases your rate of health regeneration.
   RegenMP++: It increases your rate of magic regeneration.
 G - a ring of positive energy
 L - a ring of willpower
 P - a ring of poison resistance (right claw)
Talismans
 v - a blade talisman
 H - a maw talisman
 U - a granite talisman
Wands
 a - a wand of acid (2)
 p - a wand of paralysis (21)
 F - a wand of mindburst (13)
 N - a wand of polymorph (4)
 R - a wand of flame (6)
 S - a wand of iceblast (13)
Scrolls
 c - 2 scrolls of torment
 m - 2 scrolls of enchant weapon
 q - 12 scrolls of identify
 r - 5 scrolls of poison
 y - 4 scrolls of teleportation
 A - a scroll of noise
 B - 2 scrolls of amnesia
 I - a scroll of brand weapon
 V - 3 scrolls of silence
 X - 2 scrolls of summoning
Potions
 d - 4 potions of brilliance
 n - a potion of mutation
 o - 3 potions of magic
 D - 3 potions of attraction
 M - 2 potions of enlightenment
Miscellaneous
 f - a tin of tremorstones (1/2)
 J - a phantom mirror (inert)
 Q - a Gell's gravitambourine (inert)


   Skills:
 - Level 11.9 Fighting
 - Level 9.9 Dodging
 - Level 14.2 Shields
 - Level 13.8 Unarmed Combat
 + Level 9.2 Shapeshifting


You had 14 spell levels left.
You didn't know any spells.
Your spell library contained the following spells:

 Spells                   Type           Power      Damage    Failure   Level
 Sting                    Conj/Alch      0%         1d3       98%         1
 Summon Small Mammal      Summ           0%         N/A       98%         1
 Ensorcelled Hibernation  Hex/Ice        0%         N/A       99%         2
 Mercury Vapours          Alch/Air       0%         N/A       99%         2
 Static Discharge         Conj/Air       0%         3-3/arc   99%         2
 Sublimation of Blood     Necr           0%         N/A       99%         2
 Call Canine Familiar     Summ           0%         N/A       100%        3
 Fugue of the Fallen      Necr           0%         N/A       100%        3
 Maxwell's Portable Pile  Tloc           0%         2d(5-13)  100%        3
 Ozocubu's Armour         Ice            0%         N/A       100%        3
 Airstrike                Air            0%         2d(0-16)  100%        4
 Leda's Liquefaction      Alch/Erth      0%         N/A       100%        4
 Olgreb's Toxic Radiance  Alch           0%         N/A       100%        4
 Petrify                  Alch/Erth      0%         N/A       100%        4
 Summon Blazeheart Golem  Fire/Summ      0%         N/A       100%        4
 Summon Lightning Spire   Summ/Air       0%         N/A       100%        4
 Alistair's Intoxication  Alch           0%         N/A       100%        5
 Arcjolt                  Conj/Air       0%         1d10      100%        5
 Borgnjor's Vile Clutch   Necr/Erth      0%         N/A       100%        5
 Irradiate                Conj/Alch      0%         3d11      100%        5
 Metabolic Englaciation   Hex/Ice        0%         N/A       100%        5
 Eringya's Noxious Bog    Alch           0%         4d6       100%        6
 Malign Gateway           Summ/Tloc      0%         N/A       100%        7
 Manifold Assault         Tloc           0%         N/A       100%        7
 Ozocubu's Refrigeration  Ice            0%         4d7       100%        7
 Maxwell's Capacitive Co  Air            0%         ∞         100%        8
 Summon Horrible Things   Summ           0%         N/A       100%        8
 Polar Vortex             Ice            0%         N/A       100%        9


Dungeon Overview and Level Annotations

Branches:
Dungeon (15/15)            Temple (1/1) D:7            Lair (5/5) D:8
 Shoals (0/4) Lair:2       Spider (1/4) Lair:3        Slime (0/5) Lair:4
    Orc (2/2) D:9             Elf (0/3) Orc:2        Vaults (0/5) D:13
Gauntlet (visited)
 Depths: D:15

Altars:
Ashenzari
Cheibriados
Dithmenos
Elyvilon
Fedhas
Gozag
Hepliaklqana
Kikubaaqudgha
Makhleb
Nemelex Xobeh
Okawaru
Qazlal
Ru
Sif Muna
Trog
Uskayaw
Vehumet
Wu Jian
Xom
Yredelemnul
Zin
The Shining One
Jiyva

Shops:
D:8 *   Orc:2 =*[(

Annotations:
D:9 Erolcha
Lair:5 exclusion: obsidian statue
Spider:1 2 transporters, exclusion: orange crystal statue, Agnes


Innate Abilities, Weirdness & Mutations

You are too large for most types of armour.
You have claws for hands.
Your natural rate of healing is unusually fast.
You are covered in fur. (AC +1)
You have tough skin. (AC +1)
Your mind is acute. (Int +4, Str/Dex -1)
Your flesh is heat resistant. (rF+)


Message History

You block the wolf spider's attack. You block the steelbarb worm's attack.
The tarantella closely misses you. You block the wolf spider's attack.
The wolf spider bites you but does no damage.
Okay, then.
As you read the scroll of teleportation, it crumbles to dust.
You feel strangely unstable.
* * * LOW HITPOINT WARNING * * *
You feel very sick. You block the tarantella's attack.
The jumping spider leaps!
You block the steelbarb worm's attack. You block the wolf spider's attack.
The wolf spider completely misses you.
You feel strangely stable.
You feel magically purged.
* * * LOW HITPOINT WARNING * * *
You feel very sick. You block the tarantella's attack.
You block the wolf spider's attack.
The wolf spider bites you but does no damage.
The steelbarb worm misses you.
The tarantella touches you but does no damage.
You block the wolf spider's attack.
The wolf spider bites you but does no damage.
You feel extremely strange.
You feel clumsy.
Your iridescent scales disappear.
Your thoughts seem clearer.
Your feet thicken and deform.
Your hooves expand and flesh out into feet!
You feel more energetic.
You feel sick. The steelbarb worm hits you.
* * * LOW HITPOINT WARNING * * *
More barbed spikes become lodged in your body.
You block the tarantella's attack.
The wolf spider hits you but does no damage.
You block the wolf spider's attack. The steelbarb worm barely misses you.
The jumping spider leaps!
You feel extremely strange.
You feel less energetic.
You feel stupid.
Your thinking seems confused.
You feel clever.
* * * LOW HITPOINT WARNING * * *
You feel very sick. The tarantella touches you!
You die... ##...#..#.. ##...#.... #.## .# #..##..## ..#.## ##..# ##.##.^### .s#.. .#.. #...#..# ws..

...### ##....†#### #.. ..##.###
##..##..#..# #.^#.##..s.######
#..##..##...
..#.#..##s..s.s#@s○###...#.#...#.
#...^..s....##sw#s.s...##......#.
..#....B○######...#..s.#..#.#....
######## ###################


You could see a steelbarb worm, a wolf spider, 2 jumping spiders, a tarantella
and a redback.

Vanquished Creatures
  Nikola (Lair:3)
  An emperor scorpion (Spider:1)
  An orc warlord (Orc:2)
  The ghost of glosham the Nimble, a journeyman CoGl of Cheibriados (Lair:5)
  3 dire elephants (Lair:5)
  A minotaur (Gauntlet)
  11 slime creatures
  An entropy weaver (Lair:3)
  2 catoblepae
  A hell beast (Gauntlet)
  3 centaur warriors
  A dancing weapon (Lair:5)
  3 two-headed ogres
  4 boulder beetles
  3 orc high priests
  2 demonic crawlers (Spider:1)
  5 death yaks
  Sonja (Lair:4)
  A soul eater (Gauntlet)
  6 skeletal warriors
  A spectral death yak (Lair:5)
  An orb spider (Spider:1)
  A spectral anaconda (Lair:5)
  A steelbarb worm (Spider:1)
  5 orc knights
  A lindwurm (Lair:4)
  4 necromancers (Lair:5)
  A deep elf pyromancer (D:14)
  6 orc sorcerers
  5 cyclopes
  3 manticores
  Maurice (D:7)
  2 wolf spiders
  7 ugly things
  6 black mambas
  An apocalypse crab (D:9)
  5 elephants (Lair:5)
  2 gargoyles (D:11)
  A torpor snail (Lair:1)
  14 cane toads
  A dire elephant skeleton (Lair:5)
  2 unseen horrors (D:11)
  A yaktaur (D:13)
  Maggie (D:8)
  A kobold demonologist (D:10)
  An efreet (D:15)
  A tengu conjurer (D:13)
  6 komodo dragons
  3 polar bears
  6 hornets
  3 trolls
  A wind drake (Lair:2)
  3 tarantellas (Spider:1)
  A queen bee (shapeshifter) (D:14)
  Prince Ribbit (Lair:2)
  2 jumping spiders (Lair:3)
  5 dream sheep
  12 blink frogs
  3 shadows
  A water elemental (Abyss:3)
  A wraith (D:11)
  3 vampires
  5 wyverns
  45 yaks
  5 basilisks
  3 redbacks (Lair:3)
  2 wargs (Orc:2)
  A death yak simulacrum (Lair:5)
  9 vampire mosquitoes
  Grum (D:8)
  A spectral cane toad (Lair:5)
  A steam dragon (D:9)
  An acid dragon (D:10)
  2 black bears
  17 water moccasins
  36 orc warriors
  2 ice beasts
  A sky beast (D:7)
  4 ogres
  An elephant zombie (Lair:5)
  11 wolves
  4 centaurs
  An elephant skeleton (Lair:5)
  6 kobold brigands
  A scorpion (D:6)
  14 bullfrogs
  A gnoll sergeant (D:12)
  2 cane toad simulacra (Lair:5)
  15 wights
  3 killer bees
  An elephant simulacrum (Lair:5)
  2 electric eels (Lair:1)
  4 crimson imps (D:11)
  2 howler monkeys (D:13)
  2 bombardier beetles (D:5)
  2 jellies
  A hound (D:7)
  26 orc priests
  2 sleepcaps
  3 iguanas
  33 orc wizards
  5 gnolls (D:12)
  4 adders
  4 shadow imps (Gauntlet)
  6 white imps
  A dart slug (D:2)
  4 ribbon worms
  80 orcs
  6 bats
  3 endoplasms (D:1)
  6 giant cockroaches
  8 goblins
  5 hobgoblins
  2 jackals (D:4)
  6 quokkas
  7 ball pythons
  4 frilled lizards
  13 kobolds
  6 rats
622 creatures vanquished.

Vanquished Creatures (collateral kills)
  An ironbound preserver (D:13)
  2 hydras
  A pharaoh ant (Lair:3)
  A deep elf pyromancer (D:13)
  A manticore (D:13)
  A cane toad (Lair:3)
  3 hornets (Lair:3)
  A centaur (D:13)
  4 wolves (Lair:3)
  2 scorpions (Lair:3)
17 creatures vanquished.

Vanquished Creatures (others)
  A death yak (Lair:5)
  A wolf spider (Spider:1)
  A jumping spider (Spider:1)
  A tarantella (Spider:1)
  2 redbacks (Spider:1)
  An orc wizard (D:10)
7 creatures vanquished.

Grand Total: 646 creatures vanquished

Notes
Turn   | Place    | Note
-------+----------+-------------------------------------------
     0 | D:1      | grizmgrazm2 the Troll Fighter began the quest for the Orb.
     0 | D:1      | Reached XP level 1. HP: 22/22 MP: 0/0
   205 | D:1      | Reached XP level 2. HP: 28/29 MP: 1/1
   797 | D:2      | Reached skill level 3 in Shields
   840 | D:2      | Reached XP level 3. HP: 36/36 MP: 2/2
  1399 | D:3      | Reached XP level 4. HP: 32/45 MP: 3/3
  2072 | D:4      | Found a shimmering blue altar of Sif Muna.
  2344 | D:4      | Identified the ring of Wuelyoh {Fly rF+ Int+2}
  2532 | D:5      | Entered Level 5 of the Dungeon
  2541 | D:5      | Reached XP level 5. HP: 53/53 MP: 4/4
  2846 | D:5      | Reached XP level 6. HP: 47/61 MP: 5/5
  2852 | D:5      | Reached skill level 4 in Shields
  3142 | D:5      | Found an iron altar of Okawaru.
  3145 | D:5      | Found a basalt altar of Yredelemnul.
  3499 | D:6      | Reached XP level 7. HP: 67/68 MP: 6/6
  3668 | D:6      | Noticed a yak
  3671 | D:6      | Noticed a yak
  3674 | D:6      | Noticed a yak
  3676 | D:6      | Killed a yak
  3679 | D:6      | Killed a yak
  3683 | D:6      | Reached skill level 5 in Shields
  3683 | D:6      | Reached XP level 8. HP: 77/79 MP: 7/7
  3689 | D:6      | Reached skill level 5 in Unarmed Combat
  3841 | D:6      | Reached skill level 5 in Fighting
  3841 | D:6      | Reached skill level 5 in Dodging
  3960 | D:6      | Identified the +2 hand axe "Cuinad" {flame, *Noise rCorr
                  | Str+3 SInv}
  4156 | D:7      | You fall into a shaft and drop 3 floors!
  4156 | D:10     | Entered Level 10 of the Dungeon
  4166 | D:11     | Got Tolun's Octavo of Frost
  4187 | D:11     | Noticed a gargoyle
  4341 | D:8      | Noticed Grum
  4431 | D:8      | Killed Grum
  4461 | D:8      | Reached skill level 6 in Shields
  4566 | D:7      | Reached XP level 9. HP: 88/88 MP: 8/8
  4849 | D:7      | Found a broken altar of Ashenzari.
  4882 | D:7      | Found a staircase to the Ecumenical Temple.
  4899 | Temple   | Entered the Ecumenical Temple
  5001 | D:7      | Noticed Maurice
  5005 | D:7      | Paralysed by Maurice for 5 turns
  5007 | D:7      | Maurice stole 431 gold
  5008 | D:7      | Maurice stole a +6 ring of dexterity
  5015 | D:7      | Paralysed by Maurice for 2 turns
  5016 | D:7      | Maurice stole a blade talisman
  5020 | D:7      | Killed Maurice
  5281 | D:7      | Found an ornate altar of the Wu Jian Council.
  6106 | D:8      | Noticed Maggie
  6116 | D:8      | Killed Maggie
  6117 | D:8      | Reached skill level 7 in Shields
  6186 | D:8      | Reached XP level 10. HP: 88/100 MP: 9/9
  6238 | D:8      | Found a glowing silver altar of Zin.
  6278 | D:8      | Found a staircase to the Lair.
  6496 | D:7      | Became a worshipper of the Wu Jian Council
  6513 | D:8      | Found Nydol's Serpentskin Sales.
  6723 | D:9      | Noticed a boulder beetle
  6744 | D:9      | Killed a boulder beetle
  7074 | D:9      | Reached * piety under Wu Jian
  7089 | D:9      | Found a staircase to the Orcish Mines.
  7374 | D:9      | Reached skill level 8 in Shields
  7477 | D:9      | Reached ** piety under Wu Jian
  7690 | D:9      | Noticed Erolcha
  7696 | Abyss:1  | Cast into level 1 of the Abyss (Erolcha)
  7737 | Abyss:2  | Found a corrupted altar of Lugonu.
  7738 | Abyss:2  | Found a corrupted altar of Lugonu.
  7772 | Abyss:3  | Found a corrupted altar of Lugonu.
  7805 | Abyss:4  | Noticed an occultist
  7821 | Abyss:5  | Found a corrupted altar of Lugonu.
  7826 | Abyss:5  | Noticed a starflower
  7845 | Abyss:6  | Noticed an apocalypse crab
  7847 | D:9      | Escaped the Abyss
  8051 | Lair:1   | Entered Level 1 of the Lair of Beasts
  8113 | Lair:1   | Noticed a catoblepas
  8132 | Lair:1   | Killed a catoblepas
  8171 | Lair:1   | Reached XP level 11. HP: 92/109 MP: 10/10
  8936 | Lair:1   | You fall into a shaft and drop 1 floor!
  8944 | Lair:2   | Reached skill level 9 in Shields
  9413 | Lair:2   | Noticed a boulder beetle
  9433 | Lair:2   | Killed a boulder beetle
  9564 | Lair:2   | Reached *** piety under Wu Jian
  9580 | Lair:2   | Reached skill level 10 in Unarmed Combat
  9700 | Lair:2   | Reached XP level 12. HP: 122/122 MP: 11/11
  9821 | Lair:2   | Found a staircase to the Shoals.
 10011 | Lair:2   | Noticed Prince Ribbit
 10013 | Lair:2   | Killed Prince Ribbit
 10685 | Lair:3   | Reached skill level 10 in Shields
 10755 | Lair:3   | Noticed a four-headed hydra
 10764 | Lair:3   | Killed a four-headed hydra
 10802 | Lair:3   | Found a hole to the Spider Nest.
 11232 | Lair:3   | Reached **** piety under Wu Jian
 11597 | Lair:3   | Paralysed by a hornet for 3 turns
 12794 | D:10     | Reached XP level 13. HP: 125/133 MP: 12/12
 12837 | D:10     | Found a bloodstained altar of Trog.
 13350 | Orc:1    | Entered Level 1 of the Orcish Mines
 13528 | Orc:2    | Entered Level 2 of the Orcish Mines
 13528 | Orc:2    | Found a staircase to the Elven Halls.
 13632 | Orc:2    | Reached skill level 10 in Fighting
 13756 | Orc:2    | Reached ***** piety under Wu Jian
 13906 | Orc:2    | Reached skill level 11 in Shields
 14512 | Spider:1 | Entered Level 1 of the Spider Nest
 14514 | Spider:1 | Noticed Nikola
 14630 | Lair:4   | Noticed Sonja
 14663 | Lair:4   | Killed Sonja
 15148 | Lair:4   | Found a viscous altar of Jiyva.
 15152 | Lair:4   | Found a staircase to the Slime Pits.
 15502 | Lair:5   | Entered Level 5 of the Lair of Beasts
 16163 | Lair:5   | Found a runed translucent door.
 16164 | Lair:5   | Found a shimmering altar of Xom.
 16164 | Lair:5   | Noticed glosham's ghost (journeyman CoGl)
 16390 | Lair:5   | Noticed a dire elephant
 16392 | Lair:5   | Noticed a dire elephant
 16392 | Lair:5   | Noticed a dire elephant
 16570 | Lair:5   | Reached skill level 12 in Shields
 17082 | Lair:5   | Reached XP level 14. HP: 115/141 MP: 13/13
 17554 | Lair:5   | Identified the ring "Nidarche" {rF+ Int+4}
 17834 | Lair:5   | Killed glosham's ghost
 18698 | Orc:1    | Reached skill level 13 in Shields
 19366 | Orc:2    | Reached ****** piety under Wu Jian
 19372 | Orc:2    | Found Wuacyat's Antique Armour Emporium.
 19373 | Orc:2    | Found Riuquol's Antique Weapon Emporium.
 19375 | Orc:2    | Found Usutisergh's General Store.
 19375 | Orc:2    | Found Kohushapn's Jewellery Shoppe.
 19392 | Orc:2    | Bought the amulet of Vitality {Regen++ RegenMP++} for 1400
                  | gold pieces
 19392 | Orc:2    | Found the amulet of Vitality {Regen++ RegenMP++}
 19437 | Orc:2    | Noticed an orc warlord
 19451 | Orc:2    | Killed an orc warlord
 20388 | D:12     | Found a gate leading to a gauntlet.
 20396 | Gauntlet | Entered a Gauntlet
 20396 | Gauntlet | Found a transporter.
 20396 | Gauntlet | Found a transporter.
 20400 | Gauntlet | Found a transporter.
 20400 | Gauntlet | Found a transporter.
 20413 | Gauntlet | Found a transporter.
 20426 | Gauntlet | Found a transporter.
 20434 | Gauntlet | Found a transporter.
 20434 | Gauntlet | Found a transporter.
 20437 | Gauntlet | Found a transporter.
 20451 | Gauntlet | Found a transporter.
 20484 | Gauntlet | Found a transporter.
 20529 | Gauntlet | Reached skill level 1 in Shapeshifting
 20546 | Gauntlet | Found a transporter.
 20560 | Gauntlet | Found a transporter.
 20672 | Gauntlet | Identified the +0 pair of boots "Veschyib" {rN+ Will++
                  | Dex-5 Slay+2}
 20712 | Gauntlet | Identified the +10 dagger "Ofe Qeam" {holy, Int+5}
 20933 | D:12     | Reached skill level 14 in Shields
 21249 | D:12     | Identified a scroll of acquirement
 21249 | D:12     | Acquired a granite talisman
 21293 | D:12     | Identified the +5 falchion of Generosity {flame, +Blink
                  | Int+2}
 21659 | D:12     | Reached XP level 15. HP: 156/156 MP: 14/14
 21821 | D:13     | Identified the +2 scimitar "Tiax" {speed, rPois rC+ Str+2
                  | Dex+3}
 21840 | D:13     | Found a gate to the Vaults.
 21892 | D:13     | Reached skill level 5 in Shapeshifting
 22218 | D:13     | Found a hide-covered altar of Uskayaw.
 23700 | D:15     | Entered Level 15 of the Dungeon
 24300 | Spider:1 | Noticed an emperor scorpion
 24479 | Lair:3   | Killed Nikola
 24553 | Spider:1 | Killed an emperor scorpion
 24606 | Spider:1 | Noticed Agnes
 24608 | Spider:1 | Noticed an emperor scorpion
 24608 | Spider:1 | Noticed an emperor scorpion
 24611 | Spider:1 | Found a transporter.
 24614 | Spider:1 | Found a transporter.
 24897 | Spider:1 | Gained mutation: Your flesh is heat resistant. (rF+)
                  | [potion of mutation]
 24897 | Spider:1 | Gained mutation: Your mind is acute. (Int +4, Str/Dex -1)
                  | [potion of mutation]
 24897 | Spider:1 | Gained mutation: You are partially covered in iridescent
                  | scales. (AC +2) [potion of mutation]
 24897 | Spider:1 | Gained mutation: You are agile. (Dex +4, Str/Int -1)
                  | [potion of mutation]
 24898 | Spider:1 | HP: 4/156 [wolf spider[a torpor snail] (9)]
 24901 | Spider:1 | Lost mutation: You are agile. (Dex +4, Str/Int -1) [potion
                  | of mutation]
 24901 | Spider:1 | Lost mutation: You are partially covered in iridescent
                  | scales. (AC +2) [potion of mutation]
 24901 | Spider:1 | Gained mutation: You possess an exceptional clarity of
                  | mind. [potion of mutation]
 24901 | Spider:1 | Gained mutation: You have large cloven feet. [potion of
                  | mutation]
 24901 | Spider:1 | Lost mutation: You have large cloven feet. [potion of
                  | mutation]
 24901 | Spider:1 | Gained mutation: You have an increased reservoir of magic.
                  | (+10% MP) [potion of mutation]
 24902 | Spider:1 | Lost mutation: You have an increased reservoir of magic.
                  | (+10% MP) [potion of mutation]
 24902 | Spider:1 | Lost mutation: Your mind is acute. (Int +4, Str/Dex -1)
                  | [potion of mutation]
 24902 | Spider:1 | Lost mutation: You possess an exceptional clarity of mind.
                  | [potion of mutation]
 24902 | Spider:1 | Gained mutation: Your mind is acute. (Int +4, Str/Dex -1)
                  | [potion of mutation]
 24902 | Spider:1 | HP: 1/156 [poisoned by a wolf spider]
 24902 | Spider:1 | Mangled by a tarantella

Illustrated notes

Levels and vault maps discovered:
D:1:      co_arrival_square_in_a_square_in_a_square, layout_basic, st_stairs_1,
          minmay_pentomino_r4
D:2:      layout_rooms, chequers_mini_garden, grunt_decor_arrowhead,
          minmay_ruptured
D:3:      layout_loops_ring, kennysheep_generic_room_3
D:4:      layout_basic, mainiacjoe_overflow_chevrons
D:5:      layout_loops_ring, nicolae_overflow_squiral
D:6:      layout_basic, serial_park_tiny_2, due_unseen_surprise
D:7:      layout_layer_cave, mainiacjoe_overflow_cross_hatched,
          nicolae_overflow_hidden_temple, minmay_temple_entry_tees,
          skrybe_limestone_x, uniq_maurice
D:8:      layout_basic, lemuel_round_altar, david_lair_shrubbed,
          guppyfry_shop_venom, uniq_grum, uniq_maggie
D:9:      layout_long_grid, hiddenorc2_lemuel, chequers_jeans,
          nrook_loot_triangle, nzn_sisyphean_effort, uniq_erolcha
D:10:     layout_cave_pools, marbit_many_paths, minmay_unpleasant_kobolds
D:11:     layout_gridville, minmay_fire_ice_demons
D:12:     layout_loops_ring, gauntlet_entry_generic
D:13:     layout_basic, skrybe_vaults_entry_preservation,
          dancing_weapons_uskayaw
D:14:     layout_big_octagon, uniq_snorg, uniq_azrael
D:15:     gammafunk_enter_depths_forms, layout_cave_pods,
          nzn_wu_jian_council_hall, serial_shops, nicolae_lakefront_shop, pond
Temple:   eino_wide_crystal_templ
Lair:1:   layout_concentric_octagons, serial_bayou, serial_bayou_pond_d,
          serial_bayou_pond_d, serial_bayou_pond_e, serial_bayou_shore_a
Lair:2:   layout_cave_pods, minmay_shoals_entry_beasts, grunt_megastairs_4,
          uniq_prince_ribbit2
Lair:3:   layout_roguey, nicolae_spider_entry_lesser_pyramids,
          dreamdust_wasp_nest
Lair:4:   layout_misc_corridors, dpeg_slime_entry_corner, serial_bayou_shore_b,
          uniq_sonja
Lair:5:   due_jungle_book, layout_regular_city, enter_volcano_4,
          ebering_ghost_xom
Spider:1: gammafunk_sealed_arena, special_room [special_room_bee], uniq_nikola,
          uniq_agnes, uniq_louise
Orc:1:    layout_caves
Orc:2:    st_orc_congregation, layout_caves

Skill      XL: |  1  2  3  4  5  6  7  8  9 10 11 12 13 14 15 |
---------------+----------------------------------------------+-----
Shields        | 3 4 5 6 7 8 9 10 12 14 | 14.2
Fighting       | 3 4 5 6 7 8 9 11 | 11.9
Dodging        | 3 4 5 6 7 8 9 |  9.9
Unarmed Combat | 3 4 6 7 8 10 11 12 13 | 13.8
Shapeshifting  | 3 9 |  9.2

Action                     |  1- 3 |  4- 6 |  7- 9 | 10-12 | 13-15 || total
---------------------------+-------+-------+-------+-------+-------++-------
  Melee: Unarmed           |   104 |   132 |   179 |   696 |  1294 ||  2405
 Invoke: Serpent's Lash    |       |       |       |       |     1 ||     1
Ability: Lunge             |       |       |       |    31 |    73 ||   104
         Whirlwind         |       |       |       |    10 |    12 ||    22
  Evoke: Wand              |       |       |     1 |     6 |    17 ||    24
         Phantom mirror    |       |       |       |       |     2 ||     2
         Gell's gravitambo |       |       |       |       |     2 ||     2
         Tin of tremorston |       |       |       |       |     1 ||     1
    Use: Scroll            |    10 |     6 |       |    14 |    14 ||    44
         Potion            |       |     1 |     8 |     3 |    15 ||    27
   Stab: Sleeping          |     3 |     5 |     2 |     4 |     3 ||    17
         Paralysed         |       |       |       |    11 |       ||    11
         Distracted        |       |       |       |     2 |       ||     2
         Fleeing           |       |       |       |       |     1 ||     1
         Petrified         |       |       |       |       |     1 ||     1
         Invisible         |       |       |       |       |     5 ||     5
 Armour: Robe              |    59 |    33 |    88 |   274 |       ||   454
         Acid dragon scale |       |       |       |    12 |   307 ||   319
         Shadow dragon sca |       |       |       |       |   357 ||   357
         Skin              |       |       |       |       |    36 ||    36
  Dodge: Dodged            |    22 |    33 |    63 |   273 |   439 ||   830
  Block: Kite shield       |    45 |    46 |    88 |   373 |   830 ||  1382

Table legend: (Time is in decaauts)
 A = Elapsed time spent in this place.
 B = Non-inter-level travel time spent in this place.
 C = Inter-level travel time spent in this place.
 D = Time resting spent in this place.
 E = Time spent auto-exploring this place.
 F = Levels seen in this place.
 G = Mean time per level.
                   A        B        C        D        E       F      G
               +--------+--------+--------+--------+--------+-----+--------+
         Total |  24764 |  22930 |   1834 |   4609 |  12391 |  31 |  798.8 |
       Dungeon |  13445 |  12205 |   1240 |   2042 |   7283 |  15 |  896.3 |
        Temple |     24 |     24 |      0 |      0 |     23 |   1 |   24.0 |
          Lair |   7740 |   7301 |    439 |   1673 |   3947 |   5 | 1548.0 |
   Spider Nest |    407 |    407 |      0 |     56 |    217 |   1 |  407.0 |
  Orcish Mines |   2544 |   2391 |    153 |    787 |    737 |   2 | 1272.0 |
         Abyss |    149 |    149 |      0 |      0 |     76 |   6 |   24.8 |
      Gauntlet |    452 |    452 |      0 |     49 |    108 |   1 |  452.0 |
               +--------+--------+--------+--------+--------+-----+--------+

Top non-repeatable levels by time:
  Lair:5: 2412 daAuts
     D:9: 1899 daAuts
   Orc:2: 1895 daAuts
  Lair:3: 1672 daAuts
     D:7: 1593 daAuts
  Lair:2: 1424 daAuts
  Lair:1: 1384 daAuts
     D:8: 1272 daAuts
    D:14: 1120 daAuts
    D:13: 1067 daAuts
    D:12: 950 daAuts
     D:5: 855 daAuts
  Lair:4: 847 daAuts
    D:10: 841 daAuts
     D:1: 794 daAuts
